 Dungeon Crawl Stone Soup version 0.30-a0-304-gdc4b735fe1 (webtiles) character file.

Game seed: 7498380338734184464

2 Sobieck the Trooper (level 1, 19/19 HPs)
             Began as a Ghoul Fighter on Oct 20, 2022.
             Safely got out of the dungeon.
             The game lasted 00:01:12 (90 turns).

Sobieck the Trooper (Ghoul Fighter)                   Turns: 90, Time: 00:01:12

Health: 19/19      AC:  6    Str: 19    XL:     1   Next: 40%
Magic:  0/0        EV:  9    Int:  3    God:
Gold:   0          SH:  4    Dex:  8    Spells: 0/0 levels left

rFire   . . .      SeeInvis .      - Unarmed
rCold   + . .      Faith    .    b - +0 buckler
rNeg    + + +      Spirit   .    a - +0 scale mail
rPois   ∞          Reflect  .    (no helmet)
rElec   .          Harm     .    (no cloak)
rCorr   .          Rampage  .    (no gloves)
Will    .....                    (no boots)
Stlth   ..........               (no amulet)
HPRegen 0.23/turn                (no ring)
MPRegen 0.07/turn                (no ring)

@: no status effects
A: claws 1, cold resistance 1, negative energy resistance 3, inhibited
regeneration, torment resistance 2, devour on kill
a: no special abilities


You escaped.
You visited 1 branch of the dungeon, and saw 1 of its levels.


Innate Abilities, Weirdness & Mutations

You are immune to poison.
You have sharp fingernails.
Your flesh is cold resistant. (rC+)
You are immune to negative energy. (rN+++)
You do not regenerate when monsters are visible.
You are immune to unholy pain and torment.
You thrive by killing the living.


   Skills:
 - Level 3.2 Fighting
 + Level 2.7 Armour
 + Level 0.4 Stealth
 - Level 2.6 Shields
 + Level 2.3 Unarmed Combat


You couldn't memorise any spells.
You didn't know any spells.
Your spell library was empty.

Inventory:

Armour
 a - a +0 scale mail (worn)
 b - a +0 buckler (worn)
Potions
 c - 2 potions of might
 d - a potion of flight {unknown}

Dungeon Overview and Level Annotations

Branches:
Dungeon (1/15) Zot: 5909

Altars:

##.# #.# ###
###############.#
....#..#.....#..#.#.#
#..#..#..#.......#.#
...................#
.#..#.....#..#..#..##
....#.....#..#..#.##
#.....@..#.....#.#
##################


There were no monsters in sight!


Message History

🤖 Initializing magus.rc ...
Options error: Bad monster_list_colour key: strict_neutral (~/.crawlrc:4812) Bad channel name for runrest: 'pray:' ✅ Successfully initialized magus_sobieck.rc [v0.0.4] Welcome, Sobieck the Ghoul Fighter.
Will you be the one to retrieve the majestic Orb of Zot from the depths?
Press ? for a list of commands and other information.
Found a potion of might.
Found a staircase leading out of the dungeon.
Unknown command.
c - 2 potions of might (gained 1)
A quokka comes into view.
Danger!
You scratch the quokka. You block the quokka's attack.
You miss the quokka.
The quokka bites you but does no damage.
The quokka barely misses you.
You scratch the quokka but do no damage.
The quokka closely misses you.
You closely miss the quokka. The quokka bites you.
You closely miss the quokka. The quokka bites you.
You barely miss the quokka.
The quokka bites you but does no damage.
You closely miss the quokka. You block the quokka's attack.
You scratch the quokka.
You kill the quokka!
You feel better.
No target in view!
No target in view!
No target in view!
You start resting.
Unknown command.
Unknown command.
Unknown command.
Found a stone staircase leading down.
Unknown command.
A rat and a frilled lizard come into view.
The frilled lizard hisses angrily.
Danger!
The rat bites you.
You closely miss the rat. The rat bites you but does no damage.
You claw the frilled lizard!
You kill the frilled lizard!
The rat closely misses you.
You scratch the rat.
You kill the rat!
You feel better.
No target in view!
No target in view!
You see here a frilled lizard corpse.
You see here a +0 tower shield.
You open the door.
There is an open door here.
d - an emerald potion Unknown command.
(D) Dungeon
Where to? (? - help)
Okay, then.
You can't go up here!
There is an open door here.
You see here a +0 tower shield.
You see here a frilled lizard corpse.
There is a staircase leading out of the dungeon here.
Are you sure you want to leave the Dungeon?
This will make you lose the game!
You have escaped!

Action                   || total
-------------------------++-------
Melee: Unarmed           ||    11
Armor: Scale mail        ||     3
Dodge: Dodged            ||     3
Block: Buckler           ||     2

Levels and vault maps discovered:
D:1:      dpeg_arrival_ternary, layout_basic

Notes
Turn   | Place    | Note
-------+----------+-------------------------------------------
     0 | D:1      | Sobieck the Ghoul Fighter began the quest for the Orb.
     0 | D:1      | Reached XP level 1. HP: 19/19 MP: 0/0
    90 | D:$      | Safely got out of the dungeon.

Vanquished Creatures
  A quokka (D:1)
  A frilled lizard (D:1)
  A rat (D:1)
3 creatures vanquished.

Table legend:
 A = Non-vault XP
 B = Vault XP
 C = Vault XP percentage of total XP
 D = Non-vault monster count
 E = Vault monster count
 F = Vault count percentage of total count
                 A         B        C        D         E       F
            +---------+---------+-------+---------+---------+-------
      Total |       4 |       0 |   0.0 |       3 |       0 |   0.0
            +---------+---------+-------+---------+---------+-------
        D:1 |       4 |       0 |   0.0 |       3 |       0 |   0.0
            +---------+---------+-------+---------+---------+-------

Illustrated notes

Table legend:
 A = Kills in this place as a percentage of kills in entire the game.
 B = Kills by you in this place as a percentage of kills by you in the entire game.
 C = Kills by friends in this place as a percentage of kills by friends in the entire game.
 D = Other kills in this place as a percentage of other kills in the entire game.
 E = Experience gained in this place as a percentage of experience gained in the entire game.
 F = Experience gained in this place divided by the number of levels of this place that you have seen.
                   A       B       C       D       E      F
               +-------+-------+-------+-------+-------+----------------------
         Total | 100.0 | 100.0 |   N/A |   N/A | 100.0 |   4.0
       Dungeon | 100.0 | 100.0 |   N/A |   N/A | 100.0 |   4.0
               +-------+-------+-------+-------+-------+----------------------

Table legend: (Time is in decaauts)
 A = Elapsed time spent in this place.
 B = Non-inter-level travel time spent in this place.
 C = Inter-level travel time spent in this place.
 D = Time resting spent in this place.
 E = Time spent auto-exploring this place.
 F = Levels seen in this place.
 G = Mean time per level.
                   A        B        C        D        E       F      G
               +--------+--------+--------+--------+--------+-----+--------+
         Total |     90 |     56 |     34 |      0 |     35 |   1 |   90.0 |
       Dungeon |     90 |     56 |     34 |      0 |     35 |   1 |   90.0 |
               +--------+--------+--------+--------+--------+-----+--------+

Top non-repeatable levels by time:
     D:1: 90 daAuts
